 Dungeon Crawl Stone Soup version 0.28.0-1-gb440e238dd (webtiles) character file.

Game seed: 489346822846890203

315 croobank the Covert (level 6, -15/29 HPs)
             Began as a Felid Delver on Feb 22, 2022.
             Was an Initiate of Vehumet.
             Demolished by an orc warrior (19 damage)
             ... on level 4 of the Dungeon.
             The game lasted 00:27:04 (6408 turns).

croobank the Covert (Felid Delver)                  Turns: 6408, Time: 00:27:04

Health: -15/29     AC:  2    Str: 10    XL:     6   Next: 19%
Magic:  8/10       EV: 20    Int: 12    God:    Vehumet [......]
Gold:   205        SH:  0    Dex: 17    Spells: 4/9 levels left
                                        Lives:  0   Deaths: 2

rFire   . . .      SeeInvis +     - Unarmed
rCold   . . .      Faith    .   (shield unavailable)
rNeg    . . .      Spirit   .   (armour unavailable)
rPois   .          Reflect  .   (helmet unavailable)
rElec   .          Harm     .   (cloak unavailable)
rCorr   .          Rampage  .   (gloves unavailable)
Will    .....                   (boots unavailable)
Stlth   ++++......              (no amulet)
HPRegen 0.09/turn               (no ring)
MPRegen 0.12/turn               (no ring)

@: appendages, quick
A: horns 2, very small, claws 1, fangs 3, see invisible, speed 1, shaggy fur 2,
stealthy paws, no weapons or thrown items, no armour, multi-lived
a: End Transformation, Renounce Religion


You were on level 4 of the Dungeon.
You worshipped Vehumet.
Vehumet was noncommittal.
You had temporarily grown beastly horns.
You visited 1 branch of the dungeon, and saw 6 of its levels.

You collected 205 gold pieces.

Inventory:

Missiles
 d - 129 stones
Jewellery
 f - a ring of fire
Wands
 e - a wand of digging (1)
 h - a wand of polymorph (9)
Scrolls
 a - 2 scrolls of fog
 b - a scroll of fear
 c - a scroll of holy word
 g - a scroll of enchant armour
 i - a scroll of enchant weapon
 k - a scroll of magic mapping
 m - a scroll of immolation
Potions
 l - a potion of brilliance


   Skills:
 + Level 4.7 Fighting
 + Level 5.5 Dodging
 + Level 8.5 Stealth
 + Level 4.1 Unarmed Combat
 + Level 2.2 Spellcasting
 + Level 2.5 Transmutations


You had 4 spell levels left.
You knew the following spells:

 Your Spells              Type           Power      Damage    Failure   Level
a - Beastly Appendage     Tmut           14%        N/A       10%         1
b - Sting                 Tmut/Pois      16%        1d3       16%         1
c - Animate Skeleton      Necr           2%         N/A       26%         1
d - Wereblood             Tmut           7%         N/A       14%         2

Your spell library contained the following spells:

 Spells                   Type           Power      Damage    Failure   Level
 Apportation              Tloc           2%         N/A       26%         1
 Summon Small Mammal      Summ           4%         N/A       26%         1
 Blink                    Tloc           2%         N/A       38%         2
 Poisonous Vapours        Pois/Air       2%         N/A       38%         2
 Spider Form              Tmut/Pois      4%         N/A       43%         3
 Call Canine Familiar     Summ           1%         N/A       63%         3
 Summon Guardian Golem    Hex/Summ       1%         N/A       63%         3
 Tukima's Dance           Hex            1%         N/A       63%         3
 Olgreb's Toxic Radiance  Pois           1%         N/A       95%         4
 Passage of Golubria      Tloc           1%         N/A       95%         4
 Yara's Violent Unravell  Hex/Tmut       2%         3d3       99%         5
 Manifold Assault         Tloc           1%         N/A       100%        5
 Storm Form               Tmut/Air       2%         N/A       100%        7


Dungeon Overview and Level Annotations

Branches:
Dungeon (6/15)
 Temple: D:4-7

Altars:
Gozag
Nemelex Xobeh
Qazlal
Vehumet
Wu Jian

Shops:
D:5 *

Annotations:
D:5 2 transporters


Innate Abilities, Weirdness & Mutations

You have temporarily grown beastly horns.
You have sharp claws.
You have razor-sharp teeth.
You have supernaturally acute eyesight. (SInv)
You cover ground quickly. (Speed+)
You are covered in thick fur. (AC +2)
Your paws help you pounce on unaware monsters.
You are incapable of wielding weapons or throwing items.
You cannot wear armour.
You gain extra lives every three experience levels.


Message History

Confirm with . or Enter, or press ? or * to list all spells.
You grow a pair of large bovine horns.
You scratch the orc priest. You headbutt the orc priest!
You claw the orc priest, but do no damage.
The orc priest is heavily wounded.
Your transformation is almost over.
The orc priest mumbles some strange prayers to Beogh against you.
Beogh smites you!
Your primal bloodlust has ended.
The orc priest looks braver for a moment.
You scratch the orc warrior. Your headbutt misses the orc warrior.
You bite the orc warrior, but do no damage.
The orc warrior is lightly wounded.
The orc warrior hits you with a +0 scimitar!
Your horns disappear.
Why would you want to do that?
The orc priest calls down the wrath of Beogh upon you.
Beogh smites you!
* * * LOW HITPOINT WARNING * * *
Casting: Beastly Appendage (safe; 10% risk of failure)
Confirm with . or Enter, or press ? or * to list all spells.
Aiming: Sting (safe; 16% risk of failure)
Press: ? - help, Shift-Dir - straight line, f - orc warrior
Aim: an orc warrior, wielding a +0 scimitar and wearing a +0 plate armour (64% to hit)
The sting hits the orc warrior.
The orc warrior is poisoned.
The orc warrior is lightly wounded.
Casting: Sting (safe; 16% risk of failure)
Confirm with . or Enter, or press ? or * to list all spells.
You grow a pair of large bovine horns.
You scratch the orc warrior.
The orc warrior is moderately wounded.
You scratch the orc warrior but do no damage.
Your bite misses the orc warrior.
The orc warrior is moderately wounded.
The orc warrior completely misses you.
You barely miss the orc warrior.
The orc warrior is moderately wounded.
The orc warrior hits you with a +0 scimitar!!
Ouch! That really hurt!
You die...

#.#.#.# #.##..≈≈≈≈≈≈≈......#
###.### ###.###.........###..#
#8...8######.....#.≈.≈≈≈.≈.# #..#
.......##..........≈.....≈.###..#
..._...8#..#.......≈.._..≈...)..#
.......##. #.....o.≈.....≈.###..#
o8...8##. .#.....#.≈.≈≈≈.≈......#
#.#8###. ..#....o#...............
##.##.# .. #....@#o≈≈≈≈≈≈≈)..#..#
##.#.#.#.##...(.#.......)..##...
###.#...#).#.....###.##.##..##.##
#....#####.###'#####o##.###.##.##
#...........#.........#.###.##.#.
#....o....#.#..#####......#....#.
#.........'.....####....#.######.
#.........##............+........
#.......................#.#####..


You could see an orc warrior (poisoned) and an orc priest.

Vanquished Creatures
  A steam dragon (D:5)
  A necrophage (D:5)
  2 ogres (D:6)
  A water moccasin skeleton (D:4)
  A howler monkey (D:5)
  2 jellies (D:5)
  An orc priest (D:4)
  A bullfrog skeleton (D:5)
  An iguana (D:4)
  A hound skeleton (D:4)
  A howler monkey skeleton (D:4)
  6 adders
  A worm (D:2)
  2 dart slugs
  5 orcs
  5 bats
  7 endoplasms
  A giant cockroach (D:3)
  2 goblins
  A hobgoblin (D:1)
  7 jackals
  6 kobolds
  3 quokkas
  5 ball pythons
  7 frilled lizards
  A rat (D:2)
72 creatures vanquished.

Vanquished Creatures (others)
  6 plants (D:5)
6 creatures vanquished.

Grand Total: 78 creatures vanquished

Notes
Turn   | Place    | Note
-------+----------+-------------------------------------------
     0 | D:5      | croobank the Felid Delver began the quest for the Orb.
     0 | D:5      | Reached XP level 1. HP: 10/10 MP: 2/2
     3 | D:5      | Noticed a jelly
    16 | D:5      | Found Ecovvat's Elemental Accessories.
    89 | D:3      | Noticed an iguana
   443 | D:2      | Reached XP level 2. HP: 14/14 MP: 3/3
   642 | D:1      | Found a faded altar of an unknown god.
  1112 | D:1      | Reached skill level 7 in Stealth
  1112 | D:1      | Reached XP level 3. HP: 12/17 MP: 4/4
  2381 | D:2      | Found a sparkling altar of Nemelex Xobeh.
  2700 | D:3      | Found a faded altar of an unknown god.
  2756 | D:3      | Found a stormy altar of Qazlal.
  3004 | D:3      | Found a radiant altar of Vehumet.
  3144 | D:3      | Became a worshipper of Vehumet
  3542 | D:3      | Reached XP level 4. HP: 21/21 MP: 5/5
  3716 | D:4      | Found an opulent altar of Gozag.
  3722 | D:4      | Reached XP level 5. HP: 23/25 MP: 6/6
  3728 | D:4      | Learned a level 1 spell: Beastly Appendage
  3812 | D:4      | Noticed an orc warrior
  3838 | D:4      | Identified the +5 rapier of Vanity {vorpal, *Rage Fly rN+++
                  | MP+9}
  4010 | D:4      | Noticed an orc warrior
  4225 | D:4      | Found an ornate altar of the Wu Jian Council.
  4456 | D:5      | Learned a level 1 spell: Sting
  4762 | D:6      | Noticed a phantom
  4777 | D:6      | Learned a level 1 spell: Animate Skeleton
  4785 | D:5      | Noticed a necrophage
  4793 | D:5      | Found a transporter.
  4793 | D:5      | Found a transporter.
  4821 | D:5      | Reached skill level 1 in Transmutations
  5106 | D:5      | Gained mutation: You are covered in thick fur. (AC +2)
                  | [Felid growth]
  5106 | D:5      | Reached XP level 6. HP: 21/28 MP: 8/8
  5225 | D:5      | Identified the +3 buckler of Noughts and Crosses {rPois}
  5274 | D:5      | Reached skill level 1 in Spellcasting
  5402 | D:5      | Identified the +2 battleaxe "Cyrch" {vorpal, rF++ Will-}
  5420 | D:5      | Succumbed to a kobold brigand's curare-tipped dart
  5421 | D:5      | Reached XP level 5. HP: 0/25 MP: 7/7
  5453 | D:5      | Learned a level 2 spell: Wereblood
  5458 | D:5      | Noticed a steam dragon
  5471 | D:5      | Killed a steam dragon
  5472 | D:5      | Reached skill level 5 in Dodging
  5472 | D:5      | Reached skill level 8 in Stealth
  5472 | D:5      | Reached XP level 6. HP: 29/29 MP: 3/9
  5828 | D:5      | Reached XP level 7. HP: 20/33 MP: 9/11
  5979 | D:5      | Identified the amulet "Paer Yme" {Harm Will+ Regen+ Int+3}
  6074 | D:5      | Slain by a kobold brigand
  6075 | D:5      | Reached XP level 6. HP: -1/29 MP: 9/10
  6121 | D:5      | Found a sparkling altar of Nemelex Xobeh.
  6154 | D:5      | HP: 1/29 [poisoned by a kobold brigand (curare-tipped
                  | dart)]
  6408 | D:4      | Demolished by an orc warrior

Illustrated notes

Levels and vault maps discovered:
D:1:      dpeg_arrival_circle_labyrinth_a, layout_basic,
          ebering_ecumenical_altar_abandoned
D:2:      layout_loops_ring, basic_altar
D:3:      layout_loops_ring, nicolae_overflow_ecumenical_swirl,
          lemuel_coloured_pillars_altar, minmay_misc_feat_iff
D:4:      layout_basic, nzn_wu_jian_council_hall,
          mainiacjoe_overflow_cross_hatched, okawaru_altar_gauntlet_db
D:5:      layout_basic, mainiacjoe_overflow_catwalk,
          gammafunk_ghost_gnarly_gnolls, nicolae_elemental_shop,
          hangedman_minor_gate_pass
D:6:      layout_cave_pods, minmay_fire_ice_demons, uniq_menkaure,
          uniq_eustachio

Skill      XL: |  1  2  3  4  5  6 |
---------------+-------------------+-----
Dodging        | 3 4 5 |  5.5
Stealth        | 7 8 |  8.5
Unarmed Combat | 3 4 |  4.1
Fighting       | 4 |  4.7
Transmutations | 1 2 |  2.5
Spellcasting   | 2 |  2.2

Action                   |  1- 3 |  4- 6 |  7- 9 || total
-------------------------+-------+-------+-------++-------
Melee: Unarmed           |   110 |   106 |    12 ||   228
       Bite              |     9 |    10 |     1 ||    20
       Punch             |     2 |     6 |     1 ||     9
       Headbutt          |       |     7 |     3 ||    10
 Cast: Sting             |       |     6 |       ||     6
       Beastly Appendage |       |     9 |     2 ||    11
       Wereblood         |       |     3 |     2 ||     5
Evoke: Wand              |       |     2 |       ||     2
  Use: Scroll            |     8 |     4 |     1 ||    13
       Potion            |     2 |     7 |       ||     9
 Stab: Sleeping          |    20 |     7 |       ||    27
Armor: Skin              |    10 |     1 |     1 ||    12
Dodge: Dodged            |    74 |    86 |     8 ||   168
